AoeStats
← Bouillachaqua

Arabia

510622313Analyzed
1v1 RM · 10h ago on Oct 1, 2026· 29m 44s· 2 players
Game mode
Random Map
Map size
Tiny (2 player)
Population
200
Speed
Normal
Resources
Standard
Victory
Conquest
Starting age
Dark Age
Ending age
Imperial Age
RankedLock teamsTeams togetherTeam positionsShared explorationLock speedFull tech treeHidden civsTurbo modeCheats
Victory
Defeat
🇦🇺 Huns · Australia
1664
+13
🇨🇭 Vietnamese · Switzerland
1606
-13
Bouillachaqua
7:16 Loom
9:43 Feudal Age
10:44 Double-Bit Axe
11:36 Horse Collar
18:42 Forging
22:09 Castle Age
22:01 Scale Barding Armor
23:24 Husbandry
24:22 Bow Saw
24:56 Bloodlines
PEPPA
6:33 Loom
9:40 Feudal Age
10:31 Double-Bit Axe
18:21 Fletching
19:47 Scale Mail Armor
22:47 Castle Age
21:36 Horse Collar
23:33 Bodkin Arrow
24:00 Bow Saw
27:46 Husbandry
28:02 Bloodlines
29:04 Ballistics
29:55 Padded Archer Armor
Connection lost

Rejoining the realm…

Still unreachable

The connection could not be restored.

Session expired

The server has moved on; the page needs a fresh start.